 Dungeon Crawl Stone Soup version 0.21.0 (webtiles) character file.

391 Firecrotchwizard the Covered (level 6, -12/39 HPs)
             Began as a Gargoyle Fighter on Jan 8, 2018.
             Mangled by an ogre
             ... wielding a +0 giant club
              (24 damage)
             ... on level 4 of the Dungeon.
             The game lasted 00:08:03 (3972 turns).

Firecrotchwizard the Covered (Gargoyle Fighter)     Turns: 3972, Time: 00:08:03

Health: -12/39     AC: 14    Str: 19    XL:     6   Next: 80%
Magic:  6/6        EV:  5    Int:  9    God:
Gold:   106        SH: 10    Dex: 11    Spells: 5/5 levels left

rFire    . . .     SeeInvis .   a - +0 flail
rCold    . . .     Gourm    .   c - +1 shield
rNeg     + . .     Faith    .   i - +0 chain mail
rPois    ∞         Spirit   .   (no helmet)
rElec    +         Reflect  .   (no cloak)
rCorr    .         Harm     .   (no gloves)
MR       .....                  (no boots)
Stlth    ..........             (no amulet)
HPRegen  0.13/turn              (no ring)
MPRegen  0.10/turn              x - ring of poison resistance {rPois, !d}

@: about to teleport
A: negative energy resistance 1, electricity resistance, unbreathing,
petrification resistance, rot immunity, AC +4
a: no special abilities


You were on level 4 of the Dungeon.
You were not hungry.

You visited 1 branch of the dungeon, and saw 4 of its levels.

You collected 106 gold pieces.

Inventory:

Hand Weapons
 a - a +0 flail (weapon)
 m - a +2 whip of holy wrath
   (You took it off a kobold on level 1 of the Dungeon)
 u - a +0 morningstar
   (You took it off an orc on level 3 of the Dungeon)
 w - a +2 broad axe of chopping
   (You found it on level 4 of the Dungeon)
Armour
 b - a +0 scale mail
 c - a +1 shield (worn)
 i - a +0 chain mail (worn)
   (You found it on level 1 of the Dungeon)
 t - a +0 plate armour
   (You found it on level 2 of the Dungeon)
Jewellery
 x - a ring of poison resistance (right hand) {rPois, !d}
   (You found it on level 3 of the Dungeon)
Scrolls
 h - a scroll of fear {unknown}
 j - a scroll of teleportation
 k - a scroll of magic mapping {unknown}
 l - a scroll of amnesia {unknown}
Potions
 d - 2 potions of might
 e - a potion of brilliance {unknown}
 g - 3 potions of curing {unknown}
 n - 2 potions of lignification {unknown}
 o - a potion of berserk rage {unknown}
 p - a potion of heal wounds {unknown}
 q - 3 potions of mutation {unknown}
 r - a potion of agility {unknown}
 s - a potion of flight {unknown}
 v - a potion of invisibility {unknown}
Comestibles
 f - 7 rations {@e1}
 z - 8 chunks of flesh {@w0}


   Skills:
 + Level 4.6 Fighting
 * Level 4.3 Maces & Flails
 + Level 4.8 Armour
 + Level 4.7 Shields


You had 5 spell levels left.
You didn't know any spells.

Dungeon Overview and Level Annotations

Branches:
Dungeon (4/15)
 Temple: D:4-7

Altars:
Hepliaklqana
Qazlal


Innate Abilities, Weirdness & Mutations

You are resistant to torment.
Your stone body is resilient. (AC +4)
You are immune to poison.
You resist negative energy. (rN+)
You are resistant to electric shocks. (rElec)
You can survive without breathing.
You are immune to petrification.
You are immune to rotting.


Message History

The gnoll shaman hits you but does no damage.
You block the gnoll's attack. The gnoll hits you but does no damage.
A gnoll comes into view. It is wielding a halberd.
You sock the gnoll!
You kill the gnoll!
The gnoll hits you but does no damage. x2
The gnoll shaman invokes the aid of its god against you.
You resist with some effort. The gnoll hits you but does no damage.
The gnoll barely misses you. The gnoll hits you but does no damage.
A leopard gecko comes into view.
Found a stone staircase leading down.
The gnoll shaman invokes the aid of its god against you.
You are outlined in light.
You block the gnoll's attack.
You are no longer glowing.
Your shield and chain mail prevent you from hitting the gnoll.
The gnoll hits you with a whip.
You take 6 damage, and have 18/39 hp.
You sock the gnoll! You block the gnoll's attack.
You barely miss the gnoll. The gnoll hits you but does no damage.
The gnoll hits you with a whip.
You sock the gnoll!
You kill the gnoll!
You miss the leopard gecko. You block the leopard gecko's attack.
The leopard gecko bites you but does no damage.
You barely miss the leopard gecko. You block the leopard gecko's attack.
The leopard gecko closely misses you.
The gnoll shaman calls upon its god to speed up the gnoll.
The gnoll seems to speed up.
You block the leopard gecko's attack.
The leopard gecko bites you but does no damage.
The leopard gecko bites you but does no damage.
An orc comes into view.
The orc shouts!
An orc and an orc wizard come into view.
The orc wizard shouts!
The orc shouts!
The orc wizard gestures wildly while chanting.
The orc wizard blinks!
The orc hits you but does no damage. The leopard gecko bites you.
The orc barely misses you.
You take 1 damage, and have 19/39 hp.
The orc wizard casts a spell.
The orc wizard blinks!
You block the leopard gecko's attack. You block the gnoll's attack.
The leopard gecko bites you but does no damage.
The leopard gecko bites you but does no damage.
Things that are here:
a leather armour; a falchion The leopard gecko bites you but does no damage.
You are too injured to fight recklessly!
You are too injured to fight recklessly!
You are too injured to fight recklessly!
You barely miss the leopard gecko.
The leopard gecko bites you but does no damage.
You block the gnoll's attack.
You hit the leopard gecko. The gnoll hits you but does no damage.
The leopard gecko bites you but does no damage.
The gnoll hits you but does no damage.
The leopard gecko hisses menacingly.
The leopard gecko completely misses you.
You closely miss the leopard gecko.
The gnoll hits you from afar with a spear.
The leopard gecko barely misses you.
The gnoll hits you from afar with a spear.
You take 4 damage, and have 18/39 hp.
You barely miss the leopard gecko. You block the gnoll's attack.
The leopard gecko bites you but does no damage.
The gnoll barely misses you. The leopard gecko barely misses you.
You hit the leopard gecko. The gnoll hits you but does no damage.
The leopard gecko bites you but does no damage.
You block the gnoll's attack.
Your shield prevents you from hitting the leopard gecko.
The leopard gecko bites you. The gnoll hits you but does no damage.
You block the leopard gecko's attack. You block the gnoll's attack.
You take 1 damage, and have 17/39 hp.
You hit the leopard gecko.
You kill the leopard gecko!
The gnoll is no longer moving quickly.
The gnoll hits you but does no damage.
The gnoll shaman calls upon its god to speed up the gnoll.
The gnoll seems to speed up.
The gnoll hits you from afar with a spear.
You take 2 damage, and have 15/39 hp.
You block the gnoll's attack.
You hit the gnoll but do no damage. You block the gnoll's attack.
The gnoll barely misses you.
You barely miss the gnoll. You block the gnoll's attack.
The gnoll hits you but does no damage.
Your shield and chain mail prevent you from hitting the gnoll.
You block the gnoll's attack.
You sock the gnoll! You block the gnoll's attack.
The gnoll hits you with a spear.
You take 3 damage, and have 13/39 hp.
You sock the gnoll!
You kill the gnoll!
As you read the scroll of teleportation, it crumbles to dust.
You feel strangely unstable.
You thump the ogre! The orc hits you. The ogre hits you with a giant club!!
Ouch! That really hurt!
You die...

##....g#..##≈≈♣#...#.# ≈≈≈.≈♣♣#
#......ooo...♣##..##.##♣≈≈.≈♣ #
##.....######o# .......♣PP.≈♣♣
##...## #.# #.##..≈≈≈≈.≈♣≈# ##.##
#.# #.##..P≈≈≈.≈≈P≈ ###
#o###.##..♣≈≈≈.≈≈≈♣ ###########
#.........♣≈P≈.≈≈≈≈
#...<.....########.###.≈P≈≈.≈P≈♣
#...<).).......@o#g# #..P≈P.≈P≈P
#.<#####..######O#.# ##..♣≈.≈≈≈.
#..#####..###...og.# ##..≈.P≈#.
#..##.........##o..######....#..
#..........#####.....§§§........
#...#.##...#####^^(..^≈..##.#...
##...............##.§..≈#^.#.#..#
.................≈##^..#≈≈^.....#
....>..........#........^≈≈##...#


You could see an ogre, a gnoll shaman, an orc wizard and 2 orcs.

Vanquished Creatures
  A bullfrog (D:3)
  A scorpion (D:4)
  An orc priest (D:4)
  A worker ant (D:4)
  9 gnolls (D:4)
  3 adders
  An ooze (D:1)
  2 worms (D:2)
  A dart slug (D:2)
  3 leopard geckos
  7 orcs
  5 bats
  5 giant cockroaches
  9 goblins
  4 hobgoblins
  13 jackals
  A quokka (D:3)
  A frilled lizard (D:2)
  8 kobolds
  10 rats
86 creatures vanquished.

Notes
Turn   | Place    | Note
-------+----------+-------------------------------------------
     0 | D:1      | Firecrotchwizard the Gargoyle Fighter began the quest for the Orb.
     0 | D:1      | Reached XP level 1. HP: 14/14 MP: 1/1
     8 | D:1      | You fall through a shaft!
   184 | D:1      | Reached XP level 2. HP: 19/19 MP: 2/2
   307 | D:1      | Reached XP level 3. HP: 22/23 MP: 3/3
  1396 | D:2      | Reached XP level 4. HP: 29/29 MP: 4/4
  1837 | D:3      | Reached skill level 4 in Armour
  1850 | D:3      | Reached skill level 4 in Shields
  2059 | D:3      | Reached skill level 4 in Fighting
  2341 | D:3      | Found a hazy altar of Hepliaklqana.
  2882 | D:3      | Reached skill level 3 in Maces & Flails
  3057 | D:4      | Reached XP level 5. HP: 30/33 MP: 5/5
  3074 | D:4      | Found a stormy altar of Qazlal.
  3124 | D:3      | Reached XP level 6. HP: 18/39 MP: 6/6
  3666 | D:4      | Reached skill level 4 in Maces & Flails
  3972 | D:4      | Mangled by an ogre

Skill      XL: |  1  2  3  4  5  6 |
---------------+-------------------+-----
Armour         | 4 |  4.8
Shields        | 4 |  4.7
Fighting       | 4 |  4.6
Maces & Flails | 3 4 |  4.3

Action                   |  1- 3 |  4- 6 || total
-------------------------+-------+-------++-------
Melee: Flail             |   111 |   238 ||   349
       Whip              |     6 |       ||     6
       Morningstar       |       |    47 ||    47
       Broad axe         |       |     1 ||     1
  Use: Scroll            |       |     4 ||     4
  Eat: Chunk             |     2 |     5 ||     7
       Ration            |       |     1 ||     1
Armor: Scale mail        |    49 |       ||    49
       Chain mail        |    24 |   151 ||   175
       Plate armour      |       |   108 ||   108
Dodge: Dodged            |    39 |    85 ||   124
Block: Shield            |    66 |   201 ||   267

Vault maps used:
D:1:      dpeg_arrival_three_bigger_balls
D:3:      nicolae_overflow_hidden_temple, due_unseen_surprise
D:4:      lemuel_castle_with_subvaults, serial_bayou, serial_bayou_pond_c,
          serial_bayou_lagoon_b, serial_bayou_shore_a, serial_bayou_shore_b,
          grunt_qazlal_sundering, uniq_ijyb, uniq_eustachio, uniq_menkaure

Table legend:
 A = Turns spent in this place as a percentage of turns spent in the entire game.
 B = Non-inter-level travel turns spent in this place as a percentage of non-inter-level travel turns spent in the entire game.
 C = Inter-level travel turns spent in this place as a percentage of turns spent in this place.
 D = Turns resting spent in this place as a percentage of non-inter-level travel turns spent in this place.
 E = Turns spent auto-exploring this place as a percentage of non-inter-level travel turns spent in this place.
 F = Non-inter-level travel turns spent in this place divided by the number of levels of this place that you've seen.
                   A       B       C       D       E      F
               +-------+-------+-------+-------+-------+----------------------
         Total | 100.0 | 100.0 |   3.5 |  19.3 |  60.4 | 958.2
       Dungeon | 100.0 | 100.0 |   3.5 |  19.3 |  60.4 | 958.2
               +-------+-------+-------+-------+-------+----------------------

Table legend:
 A = Kills in this place as a percentage of kills in entire the game.
 B = Kills by you in this place as a percentage of kills by you in the entire game.
 C = Kills by friends in this place as a percentage of kills by friends in the entire game.
 D = Other kills in this place as a percentage of other kills in the entire game.
 E = Experience gained in this place as a percentage of experience gained in the entire game.
 F = Experience gained in this place divided by the number of levels of this place that you have seen.
                   A       B       C       D       E      F
               +-------+-------+-------+-------+-------+----------------------
         Total | 100.0 | 100.0 |   N/A |   N/A | 100.0 | 139.8
       Dungeon | 100.0 | 100.0 |   N/A |   N/A | 100.0 | 139.8
               +-------+-------+-------+-------+-------+----------------------
